AoeStats
← dodosh

Golden Pit

503423300Analyzed
1v1 RM · 1mo ago on Aug 31, 2026· 49m 41s· 2 players
Game mode
Random Map
Map size
Tiny (2 player)
Population
200
Speed
Normal
Resources
Standard
Victory
Conquest
Starting age
Dark Age
Ending age
Imperial Age
RankedLock teamsTeams togetherTeam positionsShared explorationLock speedFull tech treeHidden civsTurbo modeCheats
Victory
Defeat
🇨🇦 Poles · Canada
617
+16
🇧🇪 Goths · Belgium
617
-16
dodosh
7:59 Loom
12:52 Feudal Age
14:40 Double-Bit Axe
23:35 Castle Age
22:14 Wheelbarrow
21:40 Gold Mining
23:03 Forging
24:25 Pikeman
26:03 Elite Skirmisher
29:50 Squires
32:47 Horse Collar
33:28 Scale Mail Armor
36:42 Hand Cart
39:06 Town Watch
40:24 Stone Mining
42:29 Stone Shaft Mining
46:16 Imperial Age
44:27 Heavy Plow
44:47 Chain Mail Armor
45:18 Iron Casting
46:15 Bow Saw
48:01 Two-Man Saw
47:54 Crop Rotation
46:59 Halberdier
48:45 Man-at-Arms
dstryr
0:27 Loom
10:17 Feudal Age
13:31 Bloodlines
15:17 Forging
24:31 Double-Bit Axe
24:33 Horse Collar
26:06 Scale Barding Armor
32:46 Castle Age
31:05 Gold Mining
32:13 Stone Mining
33:35 Husbandry
32:59 Light Cavalry
34:44 Bow Saw
35:25 Heavy Plow
39:01 Wheelbarrow
40:53 Thumb Ring
41:44 Fletching
41:55 Padded Archer Armor
44:46 Bodkin Arrow
46:38 Stone Shaft Mining
46:41 Leather Archer Armor
Connection lost

Rejoining the realm…

Still unreachable

The connection could not be restored.

Session expired

The server has moved on; the page needs a fresh start.